[Event "Titled Tuesday Blitz May 4 2021"]
[White "Lehtosaari, Mauri"]
[Black "Demchenko, Anton"]
[WhiteFideId "501999"]
[BlackFideId "4160258"]
[WhiteElo "2408"]
[BlackElo "2593"]
[Result "0-1"]
[Round "07"]
[TimeControl "180+1"]
[Date "2021.05.04"]
[WhiteClock "0:00:03"]
[BlackClock "0:00:14"]

1. d4 Nf6 2. Nf3 g6 3. Bg5 Bg7 4. Nbd2 d6 5. c3 h6 6. Bxf6 exf6 7. e4 f5 8. Bd3 fxe4 9. Nxe4 d5 10. Ned2 Qe7+ 11. Be2 O-O 12. O-O Qd6 13. Bd3 b6 14. Re1 Bb7 15. Ne5 c5 16. Ndf3 Nc6 17. Nxc6 Bxc6 18. Ne5 Bb7 19. Qa4 a6 20. Rad1 Rfd8 21. h3 b5 22. Qc2 Rac8 23. Qd2 Re8 24. Nf3 c4 25. Bc2 a5 26. Rxe8+ Rxe8 27. Re1 Rxe1+ 28. Qxe1 Bc6 29. Ne5 Qe6 30. Kf1 Be8 31. a3 Kf8 32. Nxg6+ Kg8 33. Qxe6 fxe6 34. Ne5 b4 35. axb4 axb4 36. Ke2 b3 37. Bb1 h5 38. f4 h4 39. g4 hxg3 40. Kf3 Bf6 41. Kxg3 Kg7 42. Kg4 Kh6 43. f5 Bh5+ 44. Kg3 Bd1 45. Nf3 Bc2 46. Nd2 exf5 47. Kf2 Bg5 48. Ke2 Kh5 49. h4 Bh6 50. Ke1 Kxh4 51. Ke2 Kg3 52. Nf1+ Kg2 0-1


[Site "https://www.chess.com"]

[Event "Titled Tuesday Blitz May 4 2021"]
[White "Leitao, Rafael"]
[Black "Sadhwani, Raunak"]
[WhiteFideId "2101246"]
[BlackFideId "35093487"]
[WhiteElo "2609"]
[BlackElo "2514"]
[Result "1-0"]
[Round "07"]
[TimeControl "180+1"]
[Date "2021.05.04"]
[WhiteClock "0:00:54"]
[BlackClock "0:00:03"]

1. c4 g6 2. Nc3 Bg7 3. g3 d6 4. Bg2 Nc6 5. Nf3 Bd7 6. d4 Qc8 7. O-O Bh3 8. d5 Ne5 9. Nxe5 Bxe5 10. f4 Bg7 11. e4 h5 12. f5 Bxg2 13. Kxg2 Nf6 14. e5 dxe5 15. fxg6 fxg6 16. Qd3 Qg4 17. h3 e4 18. Qe3 Qd7 19. Nxe4 Nxe4 20. Qxe4 O-O-O 21. Bf4 Bxb2 22. Rab1 Bf6 23. Rb3 g5 24. Be3 b6 25. Rd1 Kb8 26. c5 e6 27. cxb6 axb6 28. Bxb6 Kc8 29. Rc1 exd5 30. Qe2 1-0


[Site "https://www.chess.com"]

[Event "Titled Tuesday Blitz May 4 2021"]
[White "Li, Hui"]
[Black "Mortazavi, Ali"]
[WhiteFideId "15400310"]
[BlackFideId "401323"]
[WhiteElo "1954"]
[BlackElo "2339"]
[Result "0-1"]
[Round "07"]
[TimeControl "180+1"]
[Date "2021.05.04"]
[WhiteClock "0:00:04"]
[BlackClock "0:00:20"]

1. e4 c6 2. d4 d5 3. Nd2 dxe4 4. Nxe4 Nf6 5. Nxf6+ exf6 6. Bc4 Bd6 7. Qe2+ Be7 8. Nf3 O-O 9. O-O Bd6 10. Re1 Na6 11. c3 Nc7 12. Bd2 Bg4 13. Qe4 Bh5 14. Nh4 Re8 15. Qf5 g6 16. Qh3 Qc8 17. Rxe8+ Nxe8 18. Qxc8 Rxc8 19. h3 f5 20. Re1 Kg7 21. g3 Nf6 22. Ng2 Ne4 23. Bf4 Bf3 24. Rxe4 Bxe4 25. Bxd6 f6 26. Bf4 g5 27. Bc1 Re8 28. Ne3 Kg6 29. Bf1 h5 30. Bg2 Bb1 31. a3 f4 32. gxf4 gxf4 33. d5 fxe3 34. Bxe3 cxd5 35. Bxd5 b6 36. Bc6 Re6 37. Bd7 Re7 38. Bc6 Be4 39. Kh2 Bxc6 0-1


[Site "https://www.chess.com"]

[Event "Titled Tuesday Blitz May 4 2021"]
[White "Lomaia, Diana"]
[Black "Gurevich, Dmitry"]
[WhiteFideId "13612476"]
[BlackFideId "2000407"]
[WhiteElo "1742"]
[BlackElo "2506"]
[Result "1-0"]
[Round "07"]
[TimeControl "180+1"]
[Date "2021.05.04"]
[WhiteClock "0:00:10"]
[BlackClock "0:00:01"]

1. d4 Nf6 2. c4 a6 3. Nf3 c5 4. d5 b5 5. cxb5 axb5 6. e4 Nxe4 7. Qc2 Qa5+ 8. Nbd2 Nxd2 9. Bxd2 Qb6 10. Bd3 d6 11. O-O Nd7 12. Rfe1 Nf6 13. Qb3 Bd7 14. a4 b4 15. Bb5 g6 16. Bg5 Bg7 17. Bxd7+ Kxd7 18. Re3 Rhe8 19. Nd2 Qb7 20. Bxf6 Bxf6 21. Nc4 Kc7 22. Qd3 b3 23. Ra3 Qb4 24. a5 Reb8 25. h3 Qb5 26. Rxb3 Qxb3 27. Qxb3 Rxb3 28. Rxb3 e6 29. dxe6 fxe6 30. Rb6 Be7 31. Rb5 Kc6 32. Rb6+ Kd5 33. Ne3+ Kd4 34. Rb7 Bf6 35. Nc2+ Kd5 36. Ne3+ Kc6 37. Rb6+ Kc7 38. Nc4 d5 39. Nd6 Be5 40. Nb5+ Kd7 41. Rb7+ Kc6 42. Rb6+ Kd7 43. a6 Ke7 44. Rb7+ Kf6 45. a7 c4 46. Na3 Bd4 47. Nb5 Bc5 48. Kf1 d4 49. Ke2 c3 50. bxc3 dxc3 51. Kd3 Bxf2 52. Kxc3 e5 53. Kd3 Kf5 54. Ke2 Bg1 55. Rf7+ Ke6 56. Rg7 Kd5 57. Rxh7 e4 58. Nc7+ 1-0


[Site "https://www.chess.com"]

[Event "Titled Tuesday Blitz May 4 2021"]
[White "Lopez Gracia, Fernando"]
[Black "Lysenko, Volodymyr"]
[WhiteFideId "2207184"]
[BlackFideId "14175770"]
[WhiteElo "2326"]
[BlackElo "1957"]
[Result "1/2-1/2"]
[Round "07"]
[TimeControl "180+1"]
[Date "2021.05.04"]
[WhiteClock "0:00:20"]
[BlackClock "0:00:05"]

1. c4 f5 2. g3 Nf6 3. Bg2 d6 4. Nc3 e5 5. d3 g6 6. e3 Bg7 7. Nge2 O-O 8. O-O Nc6 9. Rb1 a5 10. a3 h6 11. b4 axb4 12. axb4 g5 13. b5 Ne7 14. f4 Qe8 15. Qb3 Kh8 16. Bd2 Qh5 17. Qd1 Rg8 18. Nd5 Nexd5 19. cxd5 e4 20. Nc3 Qxd1 21. Rfxd1 exd3 22. Be1 Re8 23. Rxd3 Bd7 24. b6 cxb6 25. Rxb6 Ra1 26. Kf2 Ng4+ 27. Ke2 Nxh2 28. Rxb7 Bc8 29. Rb8 Ng4 30. Nb5 Bd7 31. Rxe8+ Bxe8 32. Nxd6 Ra2+ 33. Rd2 Rxd2+ 34. Bxd2 Bd7 35. fxg5 hxg5 36. Nf7+ Kg8 37. Nxg5 Be5 38. Be1 Kg7 39. Nh3 Kf6 40. Nf4 Bd6 41. Bf3 Bb5+ 42. Nd3 Bxd3+ 43. Kxd3 Ne5+ 44. Ke2 Kg5 45. Bc3 Ng4 46. Be1 Nf6 47. Kd3 Ng4 48. e4 fxe4+ 49. Kxe4 Ne5 50. Be2 Ng4 51. Bd2+ Kh5 52. Kf5 Bxg3 53. Bxg4+ Kh4 54. Bf4 Bxf4 55. Kxf4 1/2-1/2


[Site "https://www.chess.com"]

[Event "Titled Tuesday Blitz May 4 2021"]
[White "Loy, Konstantin"]
[Black "Efremov, Vladislav"]
[WhiteFideId "14122499"]
[BlackFideId "44159935"]
[WhiteElo "2084"]
[BlackElo "2022"]
[Result "1/2-1/2"]
[Round "07"]
[TimeControl "180+1"]
[Date "2021.05.04"]
[WhiteClock "0:00:59"]
[BlackClock "0:01:06"]

1. e4 c5 2. Nf3 e6 3. d3 Nc6 4. g3 Nf6 5. Bg2 Be7 6. O-O O-O 7. Re1 e5 8. c3 d6 9. h3 h6 10. d4 cxd4 11. cxd4 Nxd4 12. Nxd4 exd4 13. Qxd4 Be6 14. Nc3 a6 15. Be3 Rc8 16. Rad1 Rc4 17. Qd2 Qa5 18. Nd5 Qd8 19. Nxe7+ Qxe7 20. Qxd6 Qxd6 21. Rxd6 Nxe4 22. Rb6 Nf6 23. Rxb7 Nd5 24. Rb3 Nxe3 25. Rbxe3 Rc2 26. R3e2 Rxe2 27. Rxe2 Bxa2 28. b4 Bc4 29. Re4 Bd5 30. Rd4 Bxg2 31. Kxg2 Rb8 32. Kf3 Rb5 33. Rd8+ Kh7 34. Rd7 f6 35. Rd4 a5 36. bxa5 Rxa5 37. g4 g5 38. Ke4 Kg6 1/2-1/2


[Site "https://www.chess.com"]

[Event "Titled Tuesday Blitz May 4 2021"]
[White "Madaminov, Mukhiddin"]
[Black "Christensen, Thomas"]
[WhiteFideId "14210703"]
[BlackFideId "1403532"]
[WhiteElo "1747"]
[BlackElo "2323"]
[Result "0-1"]
[Round "07"]
[TimeControl "180+1"]
[Date "2021.05.04"]
[WhiteClock "0:00:47"]
[BlackClock "0:00:37"]

1. d4 Nc6 2. d5 Ne5 3. Bf4 Ng6 4. Bg3 e5 5. Nf3 e4 6. Nd4 Bc5 7. e3 d6 8. c4 N8e7 9. Nc3 a6 10. Nxe4 Ba7 11. Nc3 O-O 12. Bd3 Bxd4 13. exd4 f5 14. f3 f4 15. Bf2 Nf5 16. O-O Qg5 17. Bxf5 Bxf5 18. Ne4 Bxe4 19. fxe4 f3 20. g3 Qg4 21. Kh1 Qh3 22. Rg1 Rf6 23. Qd3 Ne5 24. Qf1 Qxh2+ 25. Kxh2 Rh6+ 26. Qh3 Ng4+ 27. Kh1 Rxh3# 0-1


[Site "https://www.chess.com"]

[Event "Titled Tuesday Blitz May 4 2021"]
[White "Maiorov, Nikita"]
[Black "Zemach, Roee"]
[WhiteFideId "13501720"]
[BlackFideId "2818531"]
[WhiteElo "2440"]
[BlackElo "2131"]
[Result "1-0"]
[Round "07"]
[TimeControl "180+1"]
[Date "2021.05.04"]
[WhiteClock "0:00:23"]
[BlackClock "0:00:01"]

1. d4 Nf6 2. c4 e6 3. Nf3 d5 4. Nc3 dxc4 5. e4 Bb4 6. Bg5 c5 7. Bxc4 cxd4 8. Nxd4 Bxc3+ 9. bxc3 Qa5 10. Bb5+ Bd7 11. Bxf6 gxf6 12. Bxd7+ Nxd7 13. O-O Qxc3 14. Qa4 O-O 15. Nxe6 fxe6 16. Qxd7 Qc6 17. Qd3 Rad8 18. Qf3 Kh8 19. Rfd1 f5 20. Rxd8 Rxd8 21. Re1 Rd4 22. Qa3 Qd6 23. Qb2 Kg8 24. exf5 Rd1 25. Qe2 Rxe1+ 26. Qxe1 exf5 27. h3 Kf7 28. Qa5 f4 29. Qf5+ Kg7 30. Qg5+ Kh8 31. h4 a6 32. h5 h6 33. Qf5 b5 34. Kh2 Kg7 35. Kh3 Qf6 36. Qd7+ Qf7 37. Qd4+ Qf6 38. Qa7+ Kg8 39. Qd7 Kh8 40. Qe8+ Kg7 41. Kg4 Qg5+ 42. Kf3 Qd5+ 43. Kxf4 Qxa2 44. Qg6+ Kh8 45. Qxh6+ Kg8 46. Qg6+ Kh8 47. Qf6+ Kh7 48. Qg6+ Kh8 49. h6 Qd2+ 50. Kg3 Qc3+ 51. Kh2 Qe5+ 52. g3 a5 53. h7 Qg7 54. Qe8+ Kxh7 55. Qxb5 Qf6 56. Kg2 Qc3 57. Qf5+ Kg7 58. Qg5+ Kf7 59. g4 Qb4 60. Qf5+ Kg8 61. Qe6+ Kf8 62. g5 a4 63. g6 Qb7+ 64. f3 Kg7 65. Kh3 Qb2 66. Qf7+ Kh6 67. Qh7+ Kg5 68. g7 Kf4 69. Qe4+ Kg5 70. g8=Q+ 1-0


[Site "https://www.chess.com"]

[Event "Titled Tuesday Blitz May 4 2021"]
[White "Mamedyarov, Shakhriyar"]
[Black "Dobrov, Vladimir"]
[WhiteFideId "13401319"]
[BlackFideId "4136594"]
[WhiteElo "2716"]
[BlackElo "2614"]
[Result "0-1"]
[Round "07"]
[TimeControl "180+1"]
[Date "2021.05.04"]
[WhiteClock "0:00:01"]
[BlackClock "0:00:33"]

1. d4 Nf6 2. c4 e6 3. Nc3 Bb4 4. Qc2 d5 5. a3 Bxc3+ 6. Qxc3 c5 7. dxc5 d4 8. Qg3 Nc6 9. Nf3 O-O 10. b4 e5 11. Bg5 e4 12. Nd2 Bf5 13. e3 Re8 14. O-O-O Ne5 15. f3 a5 16. b5 d3 17. fxe4 Bg6 18. Nf3 Qc7 19. Nxe5 Nxe4 20. Qf4 d2+ 21. Rxd2 Rxe5 22. Rd5 f6 23. Bh4 Rd8 24. Qxe5 fxe5 25. Rxd8+ Kf7 26. Bd3 Qxc5 27. Kb2 Qxe3 28. Rf1+ Nf6 29. Rf3 Qd2+ 30. Kb3 e4 31. Bxe4 Qxd8 0-1


[Site "https://www.chess.com"]

[Event "Titled Tuesday Blitz May 4 2021"]
[White "Markidis, Konstantinos"]
[Black "Mekhitarian, Krikor Sevag"]
[WhiteFideId "4203500"]
[BlackFideId "2107660"]
[WhiteElo "2304"]
[BlackElo "2598"]
[Result "0-1"]
[Round "07"]
[TimeControl "180+1"]
[Date "2021.05.04"]
[WhiteClock "0:00:06"]
[BlackClock "0:00:54"]

1. e4 c5 2. Nf3 d6 3. Bb5+ Nd7 4. c3 a6 5. Ba4 Nf6 6. Bc2 g6 7. d4 Bg7 8. O-O O-O 9. Re1 b5 10. Nbd2 Bb7 11. Nf1 cxd4 12. cxd4 Rc8 13. Bd2 Qb6 14. Ng3 b4 15. h3 a5 16. Bd3 e5 17. d5 Nc5 18. Bf1 Ba6 19. Be3 Bxf1 20. Rxf1 Qb5 21. Nd2 h5 22. Bxc5 Rxc5 23. b3 h4 24. Ne2 Bh6 25. f3 Rfc8 26. Nc4 Rxc4 27. bxc4 Qxc4 28. Qe1 Nh5 29. Kh2 Qd3 30. Rd1 Qe3 31. Qf2 Rc2 32. Qxe3 Bxe3 33. Nc1 Nf4 34. Rg1 a4 35. Nd3 Bxg1+ 36. Kxg1 Nxd3 37. Rxd3 Rxa2 0-1


[Site "https://www.chess.com"]

[Event "Titled Tuesday Blitz May 4 2021"]
[White "Martin, Lewis"]
[Black "Alvarez Fernandez, Enrique"]
[WhiteFideId "410551"]
[BlackFideId "2227398"]
[WhiteElo "2145"]
[BlackElo "2316"]
[Result "1-0"]
[Round "07"]
[TimeControl "180+1"]
[Date "2021.05.04"]
[WhiteClock "0:02:39"]
[BlackClock "0:02:55"]

1. e4 c5 2. Nf3 Nc6 3. d4 cxd4 4. Nxd4 Nf6 5. Nc3 e5 6. Ndb5 d6 7. Bg5 a6 8. Na3 h6 9. Bxf6 Qxf6 10. Nd5 Qd8 11. g3 Be7 12. Bg2 O-O 13. O-O Be6 14. Nc4 Qc7 15. Nxc7 1-0


[Site "https://www.chess.com"]

[Event "Titled Tuesday Blitz May 4 2021"]
[White "Matveeva, Olga"]
[Black "Ambrogi, Agustin"]
[WhiteFideId "24107018"]
[BlackFideId "170933"]
[WhiteElo "2108"]
[BlackElo "2214"]
[Result "1-0"]
[Round "07"]
[TimeControl "180+1"]
[Date "2021.05.04"]
[WhiteClock "0:00:34"]
[BlackClock "0:00:14"]

1. d4 e6 2. c4 f5 3. Nf3 Nf6 4. g3 Be7 5. Bg2 O-O 6. O-O d6 7. b3 Ne4 8. Bb2 Bf6 9. Nbd2 Nc6 10. Qc2 Nxd2 11. Qxd2 Qe7 12. Rfe1 e5 13. e4 fxe4 14. dxe5 Nxe5 15. Nxe5 Bxe5 16. Rxe4 Bf5 17. Re2 Bg4 18. Re3 Qf6 19. Bxe5 dxe5 20. Rae1 Rad8 21. Qb2 e4 22. Qxf6 Rxf6 23. Bxe4 Rd2 24. Bd5+ Rxd5 25. cxd5 h5 26. Kg2 h4 27. h3 Bh5 28. g4 Bf7 29. Re5 Rd6 30. f4 Bxd5+ 31. Kf2 Bf7 32. Re7 Rd2+ 33. R1e2 Rd3 34. Rxc7 Rxh3 35. Ree7 Bd5 36. Rxg7+ Kf8 37. Rgd7 Rf3+ 38. Ke2 Ke8 39. Rxd5 Rxf4 40. Rh5 Kd8 41. Rxb7 Kc8 42. Rxa7 Kb8 43. Rg7 Rf8 44. Rxh4 Re8+ 45. Kd3 Rd8+ 46. Kc4 Rf8 47. Rhh7 Rf4+ 48. Kb5 Rf8 49. a4 Ka8 50. a5 Rb8+ 51. Ka6 Rb7 52. Rh8+ Rb8 53. Ra7# 1-0


[Site "https://www.chess.com"]

[Event "Titled Tuesday Blitz May 4 2021"]
[White "Mayaud, Raphael"]
[Black "Amarasinghe, A A C B"]
[WhiteFideId "627151"]
[BlackFideId "9901809"]
[WhiteElo "2191"]
[BlackElo "1778"]
[Result "1-0"]
[Round "07"]
[TimeControl "180+1"]
[Date "2021.05.04"]
[WhiteClock "0:00:21"]
[BlackClock "0:01:03"]

1. d4 Nf6 2. Bg5 e6 3. e4 d5 4. Nd2 dxe4 5. Nxe4 Be7 6. Nxf6+ Bxf6 7. Bxf6 Qxf6 8. Nf3 O-O 9. Bd3 c5 10. Qe2 cxd4 11. Qe4 g6 12. Qxd4 Nd7 13. Qxf6 Nxf6 14. Ne5 b6 15. O-O-O Bb7 16. f3 Rfd8 17. Rd2 Rac8 18. Rhd1 Kf8 19. Be2 Rxd2 20. Rxd2 Ke7 21. c3 Nd5 22. Bf1 f6 23. Nd3 a6 24. g3 Ne3 25. Be2 Rd8 26. Nb4 Rxd2 27. Kxd2 Nd5 28. Nxd5+ Bxd5 29. Bxa6 Bxa2 30. c4 Bb3 31. Kc3 Bd1 32. f4 Kd6 33. b4 Be2 34. c5+ bxc5 35. Bxe2 cxb4+ 36. Kxb4 e5 37. Kc3 exf4 38. gxf4 Kd5 39. Bf3+ Ke6 40. Kd3 Kf5 41. Ke3 g5 42. Be4+ Kg4 43. f5 Kh3 44. Kd4 Kxh2 45. Kd5 Kg3 46. Ke6 Kf4 47. Bc6 g4 48. Kxf6 h5 49. Kg6 h4 50. f6 h3 51. f7 Kg3 52. f8=Q Kh2 53. Qf2# 1-0


[Site "https://www.chess.com"]

[Event "Titled Tuesday Blitz May 4 2021"]
[White "Melkevik, Johannes"]
[Black "Bendayan Claros, Aaron"]
[WhiteFideId "1501836"]
[BlackFideId "3803392"]
[WhiteElo "1727"]
[BlackElo "2166"]
[Result "0-1"]
[Round "07"]
[TimeControl "180+1"]
[Date "2021.05.04"]
[WhiteClock "0:01:12"]
[BlackClock "0:01:27"]

1. d4 d5 2. Nc3 Nf6 3. Bf4 c6 4. e3 g6 5. Nf3 Bg7 6. Ne5 O-O 7. h4 h5 8. Be2 Nbd7 9. f3 Nxe5 10. dxe5 Nd7 11. e6 fxe6 12. g4 e5 13. Bg5 Qb6 14. Qd3 e4 15. fxe4 Ne5 16. Qd2 Bxg4 17. Bxe7 Rf7 18. Ba3 Bxe2 19. Nxe2 Nf3+ 0-1


[Site "https://www.chess.com"]

[Event "Titled Tuesday Blitz May 4 2021"]
[White "Meneses Gonzalez, Kevin Moises"]
[Black "Priyanka, K"]
[WhiteFideId "2284502"]
[BlackFideId "5082986"]
[WhiteElo "2301"]
[BlackElo "1893"]
[Result "1-0"]
[Round "07"]
[TimeControl "180+1"]
[Date "2021.05.04"]
[WhiteClock "0:01:43"]
[BlackClock "0:00:02"]

1. e4 c5 2. Nf3 d6 3. d4 cxd4 4. Nxd4 Nf6 5. Nc3 a6 6. Bg5 e6 7. f4 Qc7 8. Qf3 b5 9. Bxf6 gxf6 10. O-O-O b4 11. Nd5 exd5 12. exd5 Bb7 13. Bd3 Nd7 14. Rhe1+ Kd8 15. Bf5 Rc8 16. Re2 Bh6 17. Kb1 Rb8 18. Qh5 Bxd5 19. Bxd7 Qxd7 20. Qxd5 Bxf4 21. Nc6+ Kc7 22. Re7 Rb5 23. Rxd7+ Kxd7 24. Qf3 Be5 25. Nxe5+ fxe5 26. Qxf7+ Kc6 27. Rxd6+ Kxd6 28. Qf6+ Kd5 29. Qxh8 Rc5 30. Qxh7 Rc6 31. Qf7+ Re6 32. h4 e4 33. Kc1 e3 34. Kd1 e2+ 35. Ke1 Kd6 36. Qxe6+ Kxe6 37. Kxe2 Kf5 38. Kf3 Kg6 39. g4 Kh6 40. Kf4 Kg6 41. c4 bxc3 42. bxc3 Kf6 43. c4 Ke6 44. h5 Kd6 45. h6 Kc5 46. h7 Kxc4 47. h8=Q a5 48. Qd8 1-0


[Site "https://www.chess.com"]

[Event "Titled Tuesday Blitz May 4 2021"]
[White "Mezentsev, Ivan"]
[Black "Eynullayev, Atilla"]
[WhiteFideId "13706195"]
[BlackFideId "13413570"]
[WhiteElo "2295"]
[BlackElo "1997"]
[Result "0-1"]
[Round "07"]
[TimeControl "180+1"]
[Date "2021.05.04"]
[WhiteClock "0:00:04"]
[BlackClock "0:00:09"]

1. d4 Nf6 2. Nf3 e6 3. Bf4 b6 4. e3 Bb7 5. Nbd2 Be7 6. h3 c5 7. c3 O-O 8. Bd3 cxd4 9. exd4 d6 10. Qe2 Nbd7 11. O-O Re8 12. Ba6 Bxa6 13. Qxa6 e5 14. Bh2 Bf8 15. Nc4 Qc7 16. Ne3 Qc6 17. Rad1 e4 18. Nd2 d5 19. Rc1 Bd6 20. Bxd6 Qxd6 21. Rfd1 Nh5 22. c4 Ndf6 23. cxd5 Nxd5 24. Ndc4 Qe6 25. Nxd5 Qxd5 26. Ne3 Qd7 27. Qe2 Nf4 28. Qg4 Qxg4 29. hxg4 Ne2+ 30. Kh2 Nxc1 31. Rxc1 Rac8 32. Rd1 g6 33. d5 Red8 34. Kg3 Rd6 35. Rd2 Kg7 36. Kf4 Re8 37. Nc4 Rf6+ 38. Ke3 h6 39. a4 Kf8 40. d6 Rfe6 41. b3 Rb8 42. Kf4 Ke8 43. Ne5 Rd8 44. Nc4 a6 45. Rc2 b5 46. axb5 axb5 47. Na3 Rdxd6 48. Nxb5 Rc6 49. Nc7+ Kd7 50. Nxe6 Rxc2 51. Nd4 Rxf2+ 52. Kxe4 Rxg2 53. Ke5 Rb2 54. Kf6 Rf2+ 55. Kg7 h5 56. gxh5 gxh5 57. b4 h4 58. b5 h3 59. b6 h2 60. b7 Rb2 0-1


[Site "https://www.chess.com"]

[Event "Titled Tuesday Blitz May 4 2021"]
[White "Mikhalsky, Vladimir"]
[Black "Nazaretyan, Tigran"]
[WhiteFideId "14144352"]
[BlackFideId "24162345"]
[WhiteElo "2280"]
[BlackElo "2276"]
[Result "1-0"]
[Round "07"]
[TimeControl "180+1"]
[Date "2021.05.04"]
[WhiteClock "0:00:19"]
[BlackClock "0:00:01"]

1. c4 Nf6 2. Nc3 g6 3. e4 d6 4. d4 Bg7 5. f3 O-O 6. Be3 b6 7. Nge2 c5 8. Qd2 Nc6 9. d5 Ne5 10. b3 e6 11. O-O-O exd5 12. Nxd5 b5 13. cxb5 c4 14. Nd4 Nxd5 15. exd5 cxb3 16. Nxb3 Bf5 17. Bd4 Rc8+ 18. Kb2 Rc2+ 19. Qxc2 Bxc2 20. Kxc2 Qg5 21. Na5 Qf5+ 22. Kb3 Nxf3 23. Bxg7 Kxg7 24. gxf3 Qxf3+ 25. Bd3 Qxd5+ 26. Bc4 Qf3+ 27. Kb4 Qf6 28. Rhf1 Qb2+ 29. Bb3 Qxh2 30. Nc6 Qh4+ 31. Ka5 Qg3 32. Nxa7 h5 33. b6 h4 34. b7 Qc3+ 35. Ka6 h3 36. Rxf7+ Rxf7 37. Bxf7 Qa3+ 38. Kb6 Qc5+ 39. Ka6 Qc7 40. Rb1 Qb8 41. Nc6 Qc7 42. b8=Q Qxc6+ 43. Qb6 Qa4+ 44. Kb7 Qd7+ 45. Qc7 Qxf7 46. Qxf7+ Kxf7 47. Rh1 g5 48. Rxh3 Kf6 49. Kc6 Ke5 50. Rg3 Kf4 51. Rg1 d5 52. Kxd5 g4 53. a4 g3 54. a5 g2 55. a6 Kf3 56. a7 1-0


[Site "https://www.chess.com"]

[Event "Titled Tuesday Blitz May 4 2021"]
[White "Minaya, Juan"]
[Black "Gedgafov, Chamal"]
[WhiteFideId "4400283"]
[BlackFideId "34130621"]
[WhiteElo "1846"]
[BlackElo "2005"]
[Result "0-1"]
[Round "07"]
[TimeControl "180+1"]
[Date "2021.05.04"]
[WhiteClock "0:00:06"]
[BlackClock "0:01:01"]

1. Nf3 d5 2. c4 c6 3. e3 dxc4 4. Bxc4 Bg4 5. Bxf7+ Kxf7 6. Ne5+ Ke6 7. Qxg4+ Kxe5 8. b3 Kd6 9. Bb2 Nf6 10. Qf4+ Kd7 11. Nc3 e6 12. Na4 Bd6 13. Qg5 Qe7 14. Rc1 Na6 15. f4 Rad8 16. Bd4 b6 17. e4 Nxe4 18. Qh5 Nxd2 19. Kxd2 Bxf4+ 20. Ke2 Bxc1 21. Rxc1 e5 22. Be3 Kc7 23. Qf3 Qd6 24. Qe4 Qd5 0-1


[Site "https://www.chess.com"]

[Event "Titled Tuesday Blitz May 4 2021"]
[White "Mohammad Fahad, Rahman"]
[Black "Keymer, Vincent"]
[WhiteFideId "10207791"]
[BlackFideId "12940690"]
[WhiteElo "2308"]
[BlackElo "2474"]
[Result "0-1"]
[Round "07"]
[TimeControl "180+1"]
[Date "2021.05.04"]
[WhiteClock "0:00:40"]
[BlackClock "0:01:41"]

1. e4 c6 2. d4 d5 3. e5 Bf5 4. h4 h6 5. g4 Be4 6. f3 Bh7 7. e6 Nf6 8. exf7+ Kxf7 9. f4 c5 10. g5 Ne4 11. Nf3 Nc6 12. h5 Bf5 13. g6+ Ke8 14. Bd3 e6 15. Nbd2 cxd4 16. Bb5 Qb6 17. a4 a6 18. Bxc6+ bxc6 19. a5 Qa7 20. Nh4 Bb4 21. Nxf5 exf5 22. Rh3 d3 23. Qf3 Qg1+ 24. Qf1 Qxf1+ 25. Kxf1 Bxd2 26. Bxd2 Nxd2+ 27. Ke1 Ne4 28. cxd3 Nf6 29. Kd2 Kd7 30. Re3 Rhe8 31. Re5 Rxe5 32. fxe5 Nxh5 33. Rh1 Nf4 34. Rf1 Nxg6 35. Rxf5 Ke6 36. Rf8 0-1


[Site "https://www.chess.com"]

[Event "Titled Tuesday Blitz May 4 2021"]
[White "Mohota, Nisha"]
[Black "Marcinczyk, Monika"]
[WhiteFideId "5004330"]
[BlackFideId "1192051"]
[WhiteElo "2117"]
[BlackElo "1640"]
[Result "1-0"]
[Round "07"]
[TimeControl "180+1"]
[Date "2021.05.04"]
[WhiteClock "0:02:00"]
[BlackClock "0:00:18"]

1. b3 d5 2. Bb2 Nf6 3. e3 c5 4. f4 Nc6 5. Bb5 Bg4 6. Bxc6+ bxc6 7. Nf3 e6 8. O-O Bd6 9. Qe1 h5 10. Ne5 Qc7 11. d3 O-O-O 12. Bc3 Rdg8 13. Nd2 h4 14. h3 Bf5 15. Ndf3 c4 16. bxc4 1-0


[Site "https://www.chess.com"]

[Event "Titled Tuesday Blitz May 4 2021"]
[White "Molchanov, Alexander"]
[Black "Krivonosov, Oleg"]
[WhiteFideId "24177687"]
[BlackFideId "11600349"]
[WhiteElo "2544"]
[BlackElo "2469"]
[Result "1/2-1/2"]
[Round "07"]
[TimeControl "180+1"]
[Date "2021.05.04"]
[WhiteClock "0:01:24"]
[BlackClock "0:01:46"]

1. d4 d5 2. c4 e6 3. Nc3 Nf6 4. Nf3 Be7 5. Bf4 c5 6. e3 cxd4 7. exd4 O-O 8. c5 b6 9. b4 a5 10. a3 Ne4 11. Nxe4 dxe4 12. Ne5 axb4 13. axb4 Rxa1 14. Qxa1 bxc5 15. bxc5 Bf6 16. Bb5 Bb7 17. O-O Bxe5 18. Bxe5 Nc6 19. Bd6 Re8 20. Qb1 Qa8 21. Qc1 Nxd4 22. Qb2 Nxb5 23. Qxb5 Bc6 1/2-1/2


[Site "https://www.chess.com"]

[Event "Titled Tuesday Blitz May 4 2021"]
[White "Morris-Suzuki, Sophie"]
[Black "Zemerov, Vladimir"]
[WhiteFideId "30922615"]
[BlackFideId "4111583"]
[WhiteElo "2381"]
[BlackElo "2277"]
[Result "0-1"]
[Round "07"]
[TimeControl "180+1"]
[Date "2021.05.04"]
[WhiteClock "0:00:12"]
[BlackClock "0:00:49"]

1. c4 e5 2. Nc3 Nc6 3. Nf3 Nf6 4. e3 Bb4 5. Qc2 Bxc3 6. Qxc3 Qe7 7. d3 d5 8. cxd5 Nxd5 9. Qc2 Ndb4 10. Qb1 Bf5 11. a3 Na6 12. b4 Nab8 13. Bb2 a6 14. Be2 O-O 15. O-O f6 16. Qc2 Nd7 17. Rac1 Rac8 18. Rfe1 Nb6 19. Bf1 Kh8 20. Nd2 Rfd8 21. Ne4 Nd7 22. Qb1 Na7 23. Nc5 Nxc5 24. Rxc5 c6 25. Rec1 Nb5 26. a4 Nd6 27. Ba3 Qd7 28. Qb3 Be6 29. Qc2 Bf7 30. Bb2 Be6 31. d4 exd4 32. Bxd4 Bf5 33. Qb2 Bg6 34. h3 Qe7 35. b5 axb5 36. axb5 cxb5 37. Rxc8 Rxc8 38. Rxc8+ Nxc8 39. Qxb5 Be8 40. Qc4 Bc6 41. Bc5 Qd7 42. Qf4 h6 43. Bd4 Nd6 44. Bd3 Qe6 45. Bc5 Qd5 46. Qg4 Qxc5 47. Qg6 f5 48. Kh2 Qe5+ 49. Kg1 Qd5 50. Bf1 Be8 51. Qg3 Bf7 52. Qf4 b5 53. Qh4 Ne4 54. f3 Nf6 55. Qb4 Be8 56. Qf8+ Kh7 57. Qe7 Bc6 58. Kh2 Qd7 59. Qe5 Qd5 60. Qe7 h5 61. Qb4 Qe5+ 62. Kh1 Qxe3 63. Bxb5 Bxb5 64. Qxb5 Qe6 65. Qb4 Kh6 66. Qf4+ g5 67. Qd4 h4 68. Kh2 Kg6 69. Kg1 Nd5 70. Qd3 Qe1+ 71. Kh2 Qg3+ 72. Kg1 Qxg2+ 73. Kxg2 Nf4+ 74. Kf2 Nxd3+ 75. Ke3 Nf4 76. Kd4 Nxh3 77. Ke5 Nf4 78. Kd4 h3 79. Ke3 h2 80. Kf2 h1=Q 81. Ke3 Qxf3+ 82. Kd2 Qd3+ 83. Kc1 Qe2 84. Kb1 Nd3 85. Ka1 Qb2# 0-1


[Site "https://www.chess.com"]

[Event "Titled Tuesday Blitz May 4 2021"]
[White "Najdin, Danil"]
[Black "Poghosyan, Suren"]
[WhiteFideId "4172426"]
[BlackFideId "13303201"]
[WhiteElo "2193"]
[BlackElo "2314"]
[Result "1-0"]
[Round "07"]
[TimeControl "180+1"]
[Date "2021.05.04"]
[WhiteClock "0:01:17"]
[BlackClock "0:01:36"]

1. d4 Nf6 2. c4 e6 3. g3 d5 4. Bg2 dxc4 5. Nf3 c6 6. O-O Be7 7. Nc3 O-O 8. e4 Nbd7 9. a4 a6 10. Qe2 Bb4 11. e5 Nd5 12. Qxc4 Bxc3 13. bxc3 N7b6 14. Qd3 h6 15. a5 Nd7 16. Ba3 Re8 17. c4 Ne7 18. Bd6 Nf5 19. c5 Nf8 20. Rfb1 f6 21. g4 Nxd6 22. cxd6 Nh7 23. Nd2 fxe5 24. dxe5 Qg5 25. Qe3 Qxg4 26. Kh1 Ng5 27. f4 Nh7 28. Rg1 Qf5 29. Be4 Qf7 30. Bg6 1-0


[Site "https://www.chess.com"]